[Event "Titled Tuesday Blitz April 12 Early 2022"]
[White "Ohanyan, Emin"]
[Black "Demin, Vladimir"]
[WhiteFideId "13312022"]
[BlackFideId "4167457"]
[WhiteElo "1927"]
[BlackElo "2384"]
[Result "1-0"]
[Round "01"]
[TimeControl "180+1"]
[Date "2022.04.13"]
[WhiteClock "0:00:07"]
[BlackClock "0:00:05"]

1. e4 Nf6 2. Nc3 d5 3. e5 Nfd7 4. d4 c5 5. f4 cxd4 6. Nce2 Nc6 7. Nf3 e6 8. Nexd4 Bc5 9. c3 Qb6 10. b4 Bxd4 11. Nxd4 Nxd4 12. Qxd4 a5 13. Be3 Qxd4 14. Bxd4 axb4 15. cxb4 Nb8 16. a4 Bd7 17. b5 Ke7 18. Bc5+ Ke8 19. Bd3 f6 20. Kd2 Kf7 21. Rhc1 Rc8 22. Bd6 Rxc1 23. Rxc1 Rxa4 24. Bxb8 Rxf4 25. Rc7 Ke8 26. Rxb7 Rf2+ 27. Ke3 Rxg2 28. b6 Rb2 29. Kd4 Ba4 30. Rxg7 Rxb6 31. Bd6 f5 32. Be2 Rb2 33. Bh5+ Kd8 34. Bf7 Rxh2 35. Bxe6 Rh4+ 36. Kc5 Rc4+ 37. Kxd5 Rg4 38. Rxg4 fxg4 39. Bxg4 Bb3+ 40. Kc5 Ke8 41. e6 Bc2 42. Bh5+ Bg6 43. Bxg6+ hxg6 44. Kd5 1-0


[Site "https://www.chess.com"]

[Event "Titled Tuesday Blitz April 12 Early 2022"]
[White "Ovezdurdyyeva, Jemal"]
[Black "Kozak, Antoni"]
[WhiteFideId "14001888"]
[BlackFideId "21832030"]
[WhiteElo "1946"]
[BlackElo "2236"]
[Result "0-1"]
[Round "01"]
[TimeControl "180+1"]
[Date "2022.04.13"]
[WhiteClock "0:01:05"]
[BlackClock "0:00:48"]

1. e4 c5 2. Nf3 d6 3. d4 cxd4 4. Nxd4 Nf6 5. Nc3 a6 6. Bc4 e6 7. O-O Be7 8. Kh1 O-O 9. f4 Nxe4 10. Nxe4 d5 11. Bd3 dxe4 12. Bxe4 Bf6 13. Be3 Qc7 14. Qf3 Nd7 15. c3 Nc5 16. Bc2 Bd7 17. Ne2 Bc6 18. Qh5 Ne4 19. Nd4 g6 20. Qh3 Bd5 21. Rae1 Nd6 22. Bc1 Bxd4 23. cxd4 Qxc2 24. Re3 Rac8 25. Qh6 Qxg2# 0-1


[Site "https://www.chess.com"]

[Event "Titled Tuesday Blitz April 12 Early 2022"]
[White "Pacheco Lugo, Alejandro Jose"]
[Black "Secheres, Adrian-Simion"]
[WhiteFideId "3903745"]
[BlackFideId "1217445"]
[WhiteElo "2146"]
[BlackElo "2277"]
[Result "0-1"]
[Round "01"]
[TimeControl "180+1"]
[Date "2022.04.13"]
[WhiteClock "0:00:02"]
[BlackClock "0:00:22"]

1. e4 Nc6 2. Nf3 d6 3. d4 g6 4. Nc3 Bg7 5. Be3 Nf6 6. Qd2 a6 7. a3 O-O 8. Bd3 b5 9. O-O Ng4 10. Bg5 Nxd4 11. Nxd4 Bxd4 12. Nd5 Bf6 13. Nxf6+ exf6 14. Bh4 c6 15. Rfe1 Re8 16. h3 Ne5 17. Bf1 g5 18. Bg3 Qe7 19. Rad1 Rd8 20. f4 gxf4 21. Qxf4 Be6 22. b3 Ng6 23. Qh6 Rd7 24. h4 Qf8 25. Qxf8+ Rxf8 26. Rxd6 Rxd6 27. Bxd6 Rd8 28. Bg3 Rd2 29. Re2 Rd1 30. Kf2 Ne5 31. Bxe5 fxe5 32. Re1 Rd2+ 33. Re2 Rd1 34. Re1 Rd6 35. Ke3 Kf8 36. Bd3 Ke7 37. b4 f6 38. Ra1 Rd8 39. a4 Rg8 40. Kf2 Kd6 41. axb5 axb5 42. Ra7 Bd7 43. g3 h6 44. c4 bxc4 45. Bxc4 Rb8 46. Ra4 Ke7 47. Ke3 c5 48. b5 Bxb5 49. Ra7+ Kd6 50. Bd5 c4 51. Rf7 Kc5 52. Rxf6 c3 53. Rf7 Rc8 54. Bb3 Kb4 55. Bc2 Rd8 56. Rf2 Ba4 57. Bd3 Rc8 58. g4 c2 59. Bxc2 Bxc2 60. g5 hxg5 61. hxg5 Rc4 62. Rg2 Rxe4+ 63. Kd2 Bb3 64. g6 Rd4+ 65. Ke3 Rd8 66. Rg5 Re8 67. Ke4 Bc2+ 68. Ke3 e4 69. g7 Bb3 70. Rg4 Kc5 71. Rxe4 Rg8 72. Rg4 Be6 73. Rg3 Kd6 74. Kf4 Ke7 75. Ke5 Bf7 76. Rg1 Bh5 77. Kf5 Kf7 78. Ke5 Bg6 79. Ra1 Kxg7 80. Ra7+ Kh6 81. Kf6 Rf8+ 82. Ke6 Kg5 83. Ra5+ Bf5+ 84. Ke5 Re8+ 85. Kd4 Kf4 86. Ra1 Rd8+ 87. Kc5 Ke5 88. Re1+ Be4 89. Re2 Rc8+ 90. Kb4 Kd4 91. Rh2 Rb8+ 92. Ka3 Kc3 93. Ka4 Bd3 94. Ka5 Rb5+ 95. Ka4 Rb6 0-1


[Site "https://www.chess.com"]

[Event "Titled Tuesday Blitz April 12 Early 2022"]
[White "Padmini, Rout"]
[Black "Kejzar, Petra"]
[WhiteFideId "5029295"]
[BlackFideId "14610213"]
[WhiteElo "2181"]
[BlackElo "2003"]
[Result "1-0"]
[Round "01"]
[TimeControl "180+1"]
[Date "2022.04.13"]
[WhiteClock "0:00:50"]
[BlackClock "0:00:21"]

1. Nf3 Nf6 2. g3 d5 3. Bg2 e6 4. O-O Be7 5. d3 O-O 6. Nbd2 c5 7. e4 Nc6 8. Re1 Rb8 9. e5 Nd7 10. Nf1 Qc7 11. Bf4 b5 12. h4 b4 13. N1h2 a5 14. Ng4 c4 15. d4 c3 16. b3 a4 17. h5 Bb7 18. Bf1 axb3 19. axb3 Ra8 20. Bd3 Rxa1 21. Qxa1 Ra8 22. Qc1 Ba6 23. Bxa6 Rxa6 24. h6 g6 25. Bg5 Qa7 26. Bxe7 Nxe7 27. Qg5 Nc6 28. Nf6+ Kf8 29. Nxh7+ Ke8 30. Nf6+ Kf8 31. Nxd7+ Qxd7 32. Qf6 Qd8 33. h7 1-0


[Site "https://www.chess.com"]

[Event "Titled Tuesday Blitz April 12 Early 2022"]
[White "Pakleza, Zbigniew"]
[Black "Fathy, Elameir"]
[WhiteFideId "1119290"]
[BlackFideId "10600396"]
[WhiteElo "2467"]
[BlackElo "2311"]
[Result "1-0"]
[Round "01"]
[TimeControl "180+1"]
[Date "2022.04.13"]
[WhiteClock "0:01:25"]
[BlackClock "0:00:58"]

1. Nf3 d5 2. c4 c6 3. cxd5 cxd5 4. d4 Nf6 5. Nc3 Nc6 6. Bf4 a6 7. e3 Bg4 8. Bd3 e6 9. Qb3 Na5 10. Qa4+ Nc6 11. Ne5 Qb6 12. O-O Be7 13. Nxc6 bxc6 14. Qc2 O-O 15. Na4 Qb7 16. Rfc1 Rac8 17. h3 Bh5 18. Qb3 Qxb3 19. axb3 a5 20. Nb6 Rb8 21. Bxb8 Rxb8 22. Rxc6 1-0


[Site "https://www.chess.com"]

[Event "Titled Tuesday Blitz April 12 Early 2022"]
[White "Papadiamandis, Elliot"]
[Black "Kaminski, Victor"]
[WhiteFideId "36074160"]
[BlackFideId "1131630"]
[WhiteElo "2088"]
[BlackElo "2181"]
[Result "0-1"]
[Round "01"]
[TimeControl "180+1"]
[Date "2022.04.13"]
[WhiteClock "0:00:57"]
[BlackClock "0:00:04"]

1. e4 e5 2. Nf3 Nc6 3. Bc4 Nf6 4. d3 Bc5 5. c3 d6 6. Nbd2 h6 7. h3 O-O 8. Qe2 Ne7 9. d4 exd4 10. cxd4 Bb6 11. O-O d5 12. Bd3 dxe4 13. Nxe4 Nxe4 14. Bxe4 c6 15. Be3 Bf5 16. Bxf5 Nxf5 17. Rad1 Qd5 18. Ne5 Rfe8 19. Qg4 g6 20. Rfe1 h5 21. Qg5 Bd8 22. Qf4 Bc7 23. Qg5 Rxe5 24. dxe5 Qxe5 25. Rd7 Re8 26. g3 Ba5 27. Red1 Qxb2 28. R1d3 Be1 29. Rd8 Rxd8 30. Qxd8+ Kh7 31. Qd7 Qb1 32. Kg2 Ng7 33. Bf4 Ba5 34. Re3 Bb6 35. Re7 Qc2 36. Qd2 Qc5 37. Be3 Qxe7 38. Bxb6 axb6 39. Qd4 b5 40. Qb6 Qe6 41. Qxb7 Qd5+ 42. Kg1 Qxa2 43. Qxc6 Qc4 44. Qb6 b4 45. g4 hxg4 46. hxg4 Qxg4+ 47. Kf1 Qc4+ 48. Kg2 b3 49. Qf6 Qc2 50. Qh4+ Nh5 51. Qe7 Qc6+ 52. Kg1 Qc1+ 53. Kg2 b2 54. Qxf7+ Ng7 55. Qe7 b1=Q 56. Qh4+ Qh6 0-1


[Site "https://www.chess.com"]

[Event "Titled Tuesday Blitz April 12 Early 2022"]
[White "Papp, Levente"]
[Black "Sovetbekova, Nurai"]
[WhiteFideId "751243"]
[BlackFideId "13801910"]
[WhiteElo "2308"]
[BlackElo "1538"]
[Result "1-0"]
[Round "01"]
[TimeControl "180+1"]
[Date "2022.04.13"]
[WhiteClock "0:00:19"]
[BlackClock "0:00:04"]

1. Nf3 Nf6 2. g3 g6 3. Bg2 Bg7 4. O-O O-O 5. d4 d5 6. c4 c6 7. cxd5 cxd5 8. Nc3 Nc6 9. Ne5 Ng4 10. Nxc6 bxc6 11. h3 Nf6 12. Bf4 Qb6 13. Na4 Qb4 14. a3 Qa5 15. b4 Qd8 16. Rc1 Bb7 17. Nc5 Qb6 18. Qa4 Rfd8 19. Nxb7 Qxb7 20. Qxc6 Qxc6 21. Rxc6 Nd7 22. Rc7 Bxd4 23. Bxd5 Rac8 24. Rfc1 Rxc7 25. Rxc7 Bb6 26. Rc2 Nf6 27. Bf3 Rd1+ 28. Kg2 Nd5 29. Bh6 Nc7 30. a4 a5 31. Rc6 Rd6 32. Rxd6 exd6 33. b5 f5 34. e4 fxe4 35. Bxe4 Kf7 36. Bf4 Ke6 37. Kf3 Nd5 38. Bd2 Nf6 39. Bc6 Nd5 40. Ke2 Ne7 41. Bb7 Nf5 42. Kd3 Bxf2 43. g4 Ne7 44. Bxa5 Ba7 45. Bc7 Nd5 46. Bxd5+ Kxd5 47. b6 Bxb6 48. Bxb6 Kc6 49. a5 1-0


[Site "https://www.chess.com"]

[Event "Titled Tuesday Blitz April 12 Early 2022"]
[White "Paravyan, David"]
[Black "Riehle, Marco"]
[WhiteFideId "4194985"]
[BlackFideId "12904392"]
[WhiteElo "2569"]
[BlackElo "2462"]
[Result "1/2-1/2"]
[Round "01"]
[TimeControl "180+1"]
[Date "2022.04.12"]
[WhiteClock "0:00:06"]
[BlackClock "0:00:28"]

1. e4 e5 2. Nf3 Nf6 3. Nc3 Nc6 4. d4 exd4 5. Nxd4 Bb4 6. Nxc6 bxc6 7. Bd3 d5 8. exd5 O-O 9. O-O cxd5 10. Bg5 c6 11. Qf3 Re8 12. Rae1 Be6 13. a3 Be7 14. h3 h6 15. Bf4 a5 16. Ne2 Qb6 17. Be5 Nd7 18. Bc3 c5 19. Nf4 d4 20. Bd2 Bg5 21. h4 Bxf4 22. Bxf4 Qxb2 23. Rb1 Qc3 24. Rfd1 Kh8 25. Bd2 Qxa3 26. Ra1 Ba2 27. Qxf7 Bxf7 28. Rxa3 Ne5 29. Bf1 Bg6 30. Rc1 c4 31. Bxa5 Nc6 32. Rca1 Nxa5 33. Rxa5 Rxa5 34. Rxa5 Bxc2 35. Bxc4 Rd8 36. Rd5 Rxd5 37. Bxd5 d3 38. Be4 Bb1 39. Bf3 Bc2 40. Be4 Bb1 41. Bf3 Bc2 42. Be4 1/2-1/2


[Site "https://www.chess.com"]

[Event "Titled Tuesday Blitz April 12 Early 2022"]
[White "Perez Ponsa, Federico"]
[Black "Abdilkhair, Abilmansur"]
[WhiteFideId "117927"]
[BlackFideId "13716417"]
[WhiteElo "2672"]
[BlackElo "2108"]
[Result "1-0"]
[Round "01"]
[TimeControl "180+1"]
[Date "2022.04.12"]
[WhiteClock "0:00:45"]
[BlackClock "0:00:04"]

1. e4 c6 2. d4 d5 3. exd5 cxd5 4. Bd3 Nf6 5. h3 Nc6 6. c3 g6 7. Nf3 Bg7 8. O-O O-O 9. Re1 Bf5 10. Bxf5 gxf5 11. Bf4 Ne4 12. Nbd2 e6 13. Nb3 Rc8 14. Nc1 Na5 15. Nd3 Nc4 16. Nfe5 Qh4 17. Qf3 b5 18. a4 b4 19. cxb4 Ncd2 20. Qe3 Nc4 21. Qe2 Nxe5 22. Bxe5 Rc4 23. b5 Rfc8 24. Rac1 Rxc1 25. Rxc1 Rxc1+ 26. Nxc1 Bxe5 27. dxe5 Nc5 28. Qc2 Qd4 29. Ne2 Qb4 30. Qc3 Qc4 31. Qxc4 dxc4 32. Nc3 Nd3 33. a5 Nxe5 34. b6 axb6 35. a6 Kf8 36. a7 1-0


[Site "https://www.chess.com"]

[Event "Titled Tuesday Blitz April 12 Early 2022"]
[White "Pesotskiy, Mikhail"]
[Black "Abdrlauf, Elham"]
[WhiteFideId "34164453"]
[BlackFideId "1533533"]
[WhiteElo "2457"]
[BlackElo "2850"]
[Result "0-1"]
[Round "01"]
[TimeControl "180+1"]
[Date "2022.04.13"]
[WhiteClock "0:00:02"]
[BlackClock "0:00:41"]

1. d4 Nf6 2. c4 e6 3. Nc3 d5 4. cxd5 exd5 5. Bg5 c6 6. e3 Bd6 7. Bd3 O-O 8. Qc2 h6 9. Bh4 Re8 10. Nf3 Be6 11. O-O Nbd7 12. e4 dxe4 13. Nxe4 Be7 14. Ne5 Nxe4 15. Bxe7 Rxe7 16. Bxe4 Nf6 17. Rfd1 Nxe4 18. Qxe4 Bd5 19. Qf4 Qd6 20. a3 Rae8 21. h4 Bb3 22. Rd2 f6 23. Ng6 Re1+ 24. Rxe1 Rxe1+ 25. Kh2 Qxf4+ 26. Nxf4 Re4 27. g3 g5 28. Ng2 Kf7 29. hxg5 hxg5 30. Ne3 Ke6 31. Rd3 Bd5 32. f3 Bc4 33. Nxc4 Re2+ 34. Kh3 Kd5 35. Ne3+ Ke6 36. f4 gxf4 37. gxf4 Rxb2 38. d5+ cxd5 39. Nxd5 Kf5 40. Rc3 Rd2 41. Rc5 Rd3+ 42. Kh4 Rxa3 43. Rc7 Ra5 44. Ne7+ Kxf4 45. Rxb7 Ra1 46. Ng6+ Kf5 47. Ne7+ Kf4 48. Ng6+ Kf5 49. Ne7+ Ke6 50. Ng6 a5 51. Nf4+ Kf5 52. Nd5 a4 53. Rb6 a3 54. Ra6 a2 55. Ne3+ Kf4 56. Ng2+ Kf3 57. Kh5 0-1


[Site "https://www.chess.com"]

[Event "Titled Tuesday Blitz April 12 Early 2022"]
[White "Petrova, Irina"]
[Black "Brodowski, Piotr"]
[WhiteFideId "14124122"]
[BlackFideId "1124480"]
[WhiteElo "1993"]
[BlackElo "2422"]
[Result "0-1"]
[Round "01"]
[TimeControl "180+1"]
[Date "2022.04.13"]
[WhiteClock "0:00:07"]
[BlackClock "0:00:10"]

1. e4 d6 2. d4 Nf6 3. Nc3 g6 4. h3 Bg7 5. Be3 c6 6. a4 a5 7. Nf3 Nbd7 8. Bd3 Qc7 9. O-O e5 10. Qd2 O-O 11. dxe5 Nxe5 12. Nxe5 dxe5 13. Rad1 Be6 14. Qe2 Nh5 15. Bc4 Nf4 16. Bxf4 exf4 17. Bxe6 fxe6 18. Qc4 Rfe8 19. Nb5 Qe5 20. Nd6 Re7 21. Rd3 Qxb2 22. Rb3 Qe5 23. Nxb7 Rb8 24. Nc5 Rxb3 25. cxb3 Qc3 26. Rc1 Qxc4 27. Rxc4 Kf7 28. Kf1 Bb2 29. Ke2 Ba3 30. Kd3 g5 31. Kc3 Bb4+ 32. Kc2 Kf6 33. Nd3 c5 34. Nxc5 Be1 35. f3 h5 36. Nd3 Bg3 37. Rc5 g4 38. Rxh5 gxf3 39. gxf3 Rc7+ 40. Rc5 Rh7 41. Rxa5 Rxh3 42. Ra8 Bh2 43. Ne1 Bg3 44. Kd2 Rh2+ 45. Kd3 Bxe1 46. a5 Rb2 47. Kc4 Rc2+ 48. Kb5 Rc3 49. Ka4 Rxf3 50. a6 Rf2 51. a7 Ra2+ 52. Kb5 Ke5 53. b4 Bf2 54. Kc4 Rxa7 55. Rc8 Be3 56. Rf8 Kxe4 57. b5 e5 58. Kb4 f3 0-1


[Site "https://www.chess.com"]

[Event "Titled Tuesday Blitz April 12 Early 2022"]
[White "Pichot, Alan"]
[Black "Gracia Alvarez, Gerardo Antonio"]
[WhiteFideId "110973"]
[BlackFideId "5109124"]
[WhiteElo "2579"]
[BlackElo "2139"]
[Result "1-0"]
[Round "01"]
[TimeControl "180+1"]
[Date "2022.04.13"]
[WhiteClock "0:01:40"]
[BlackClock "0:00:14"]

1. e4 c5 2. Nf3 Nc6 3. Bb5 d6 4. O-O Bd7 5. Re1 Nf6 6. c3 a6 7. Bf1 Bg4 8. h3 Bxf3 9. Qxf3 e6 10. d3 Be7 11. Be3 O-O 12. Nd2 b5 13. Qd1 d5 14. Bf4 dxe4 15. dxe4 Qd7 16. e5 Nd5 17. Ne4 Rfd8 18. Bg3 Nb6 19. Qg4 Kh8 20. Qh5 Qe8 21. Nd6 Bxd6 22. exd6 f5 23. Qf3 Rac8 24. Rad1 Qf7 25. b3 Nd7 26. a4 Na5 27. axb5 axb5 28. Bxb5 Nb6 29. c4 Rb8 30. d7 Rb7 31. Rd6 Nxd7 32. Red1 Ra7 33. Bxd7 Raxd7 34. Rxd7 Rxd7 35. Rxd7 Qxd7 36. Qa8+ 1-0


[Site "https://www.chess.com"]

[Event "Titled Tuesday Blitz April 12 Early 2022"]
[White "Pinheiro, Iung Alicio de O."]
[Black "Zanette, Edgard Vinicius"]
[WhiteFideId "2104350"]
[BlackFideId "2109263"]
[WhiteElo "2596"]
[BlackElo "2182"]
[Result "1-0"]
[Round "01"]
[TimeControl "180+1"]
[Date "2022.04.13"]
[WhiteClock "0:00:16"]
[BlackClock "0:00:06"]

1. c4 Nf6 2. g3 c6 3. Bg2 d5 4. Nf3 e6 5. O-O Be7 6. b3 O-O 7. Bb2 b6 8. d4 Bb7 9. Nc3 Nbd7 10. Nd2 c5 11. dxc5 Nxc5 12. Rc1 Rc8 13. Nb5 a6 14. Nd4 Ba8 15. cxd5 Nxd5 16. Nc4 b5 17. Ne5 Bd6 18. Ndf3 f6 19. Nd3 Qe7 20. Nxc5 Bxc5 21. Qd3 Rfd8 22. Qb1 Nb4 23. a3 Nd5 24. b4 Ba7 25. Rfd1 Nb6 26. Rxc8 Rxc8 27. Bd4 Nc4 28. Qa1 e5 29. Bxa7 Qxa7 30. Bh3 Rf8 31. a4 Qb6 32. axb5 axb5 33. Bg2 Kh8 34. Nh4 Bxg2 35. Nxg2 e4 36. Qd4 Qxd4 37. Rxd4 Re8 38. Nf4 g6 39. Rd5 Na3 40. Rc5 Re7 41. Nd5 Rf7 42. Nc3 f5 43. Nxb5 Nxb5 44. Rxb5 Ra7 45. e3 Kg7 46. Rb6 Ra1+ 47. Kg2 Rb1 48. h4 h5 49. b5 Rb2 50. Kf1 Kh7 51. Rb7+ Kh6 52. b6 Ra2 53. Rc7 Rb2 54. b7 Rb5 55. Ke1 Rb2 56. Kd1 g5 57. Kc1 Rb6 58. Kc2 gxh4 59. gxh4 Kg6 60. Kc3 Kf6 61. Kc4 Ke6 62. Kc5 Rb1 63. Kc6 Rb2 64. Rc8 Rb1 65. b8=Q 1-0


[Site "https://www.chess.com"]

[Event "Titled Tuesday Blitz April 12 Early 2022"]
[White "Plazuelo Pascual, Juan"]
[Black "Beerdsen, Thomas"]
[WhiteFideId "32059566"]
[BlackFideId "1030108"]
[WhiteElo "2359"]
[BlackElo "2585"]
[Result "1-0"]
[Round "01"]
[TimeControl "180+1"]
[Date "2022.04.13"]
[WhiteClock "0:01:01"]
[BlackClock "0:01:14"]

1. d4 h6 2. e4 g5 3. Nc3 Bg7 4. Be3 d6 5. h4 g4 6. h5 c6 7. a4 a5 8. Nge2 Na6 9. Ng3 Qb6 10. Rb1 Nb4 11. Be2 Nf6 12. e5 Nfd5 13. Nxd5 Nxd5 14. Bxg4 Nxe3 15. fxe3 dxe5 16. Bxc8 Rxc8 17. Qg4 e6 18. Qxg7 Ke7 19. O-O Rcf8 20. Qxe5 Rhg8 21. Nf5+ Ke8 22. Ng7+ Ke7 23. Nf5+ Ke8 24. Nd6+ Ke7 25. Ne4 f5 26. Qc5+ Qxc5 27. Nxc5 b6 28. Nd3 Rg5 29. Nf4 Rfg8 30. Kf2 c5 31. c3 Kf6 32. b4 axb4 33. cxb4 c4 34. Rbc1 Rc8 35. Rc3 e5 36. dxe5+ Kxe5 37. Rfc1 b5 38. axb5 Ra8 39. Rxc4 Ra2+ 40. R4c2 Ra4 41. Rc5+ Kd6 42. Rd1+ Ke7 43. Rc7+ Ke8 44. Ne6 Ra2+ 45. Kf3 Rg3+ 46. Kxg3 f4+ 47. Kh3 1-0


[Site "https://www.chess.com"]

[Event "Titled Tuesday Blitz April 12 Early 2022"]
[White "Plotnikov, Pavel"]
[Black "Mohammadian, Mohammad"]
[WhiteFideId "4170342"]
[BlackFideId "12566055"]
[WhiteElo "2298"]
[BlackElo "1544"]
[Result "1-0"]
[Round "01"]
[TimeControl "180+1"]
[Date "2022.04.13"]
[WhiteClock "0:00:27"]
[BlackClock "0:00:07"]

1. e4 e5 2. Nf3 Nc6 3. Bc4 Bc5 4. d3 Nf6 5. O-O h6 6. c3 O-O 7. d4 exd4 8. cxd4 Bb6 9. e5 d5 10. exf6 dxc4 11. fxg7 Kxg7 12. d5 Ne7 13. Nc3 Bg4 14. Qd2 Ng8 15. Ne5 Bf5 16. Nxc4 Qf6 17. Nxb6 axb6 18. Qf4 Rfc8 19. Be3 Ra6 20. Bd4 Bg6 21. Bxf6+ Nxf6 22. Rae1 Ra5 23. Re7 Rc5 24. Qd4 Rc4 25. Qxc4 b5 26. Nxb5 c6 27. dxc6 Rxc6 28. Qb3 b6 29. Nd4 Rd6 30. Nf5+ Kh7 31. Rxf7+ 1-0


[Site "https://www.chess.com"]

[Event "Titled Tuesday Blitz April 12 Early 2022"]
[White "Pranav, V"]
[Black "Zlatin, Alexander"]
[WhiteFideId "25060783"]
[BlackFideId "2810549"]
[WhiteElo "2349"]
[BlackElo "2228"]
[Result "1-0"]
[Round "01"]
[TimeControl "180+1"]
[Date "2022.04.12"]
[WhiteClock "0:00:49"]
[BlackClock "0:00:07"]

1. e4 e5 2. Nf3 Nc6 3. Bb5 a6 4. Ba4 Nf6 5. O-O Nxe4 6. d4 b5 7. Bb3 d5 8. dxe5 Be6 9. c3 Bc5 10. Nbd2 O-O 11. Bc2 Nxf2 12. Rxf2 Bxf2+ 13. Kxf2 f6 14. exf6 Qxf6 15. Kg1 Ne5 16. Nxe5 Qxe5 17. Nf3 Qh5 18. Qd4 c6 19. Bf4 Bf5 20. Bxf5 Qxf5 21. Bg3 Rae8 22. Qd2 h6 23. Rf1 Qe4 24. h3 a5 25. Re1 Qc4 26. a3 Re4 27. Nd4 Rfe8 28. Rxe4 dxe4 29. Nf5 Qd3 30. Qf4 e3 31. Qg4 g5 32. Nxh6+ Kh7 33. Nf7 e2 34. Nxg5+ Kh6 35. Qh4+ Kg6 36. Qh7+ Kxg5 37. Qxd3 1-0


[Site "https://www.chess.com"]

[Event "Titled Tuesday Blitz April 12 Early 2022"]
[White "Reprintsev, Alexander"]
[Black "Piliczewski, Bogusz"]
[WhiteFideId "14100541"]
[BlackFideId "1104144"]
[WhiteElo "2108"]
[BlackElo "1896"]
[Result "1-0"]
[Round "01"]
[TimeControl "180+1"]
[Date "2022.04.13"]
[WhiteClock "0:01:58"]
[BlackClock "0:00:08"]

1. e4 c6 2. Nc3 d5 3. Nf3 Bg4 4. h3 Bxf3 5. Qxf3 dxe4 6. Nxe4 e6 7. b3 Nd7 8. Bb2 Ngf6 9. O-O-O Be7 10. d4 Nxe4 11. Qxe4 Qa5 12. Kb1 O-O-O 13. Qg4 Bf6 14. Be2 Kb8 15. Bf3 h5 16. Qf4+ Ka8 17. g4 g5 18. Qe3 hxg4 19. hxg4 Qb6 20. c3 c5 21. d5 exd5 22. Bxd5 Rhe8 23. Qf3 Ne5 24. Qf5 Rd7 25. c4 Rde7 26. Rhe1 Qc7 27. Qxf6 Nxg4 28. Rxe7 Qxe7 29. Qxe7 Rxe7 30. Bf3 a5 31. Bxg4 Re4 32. f3 Rf4 33. Be5 f5 34. Bxf4 fxg4 35. Bxg5 gxf3 36. Rf1 1-0


[Site "https://www.chess.com"]

[Event "Titled Tuesday Blitz April 12 Early 2022"]
[White "Rodchenkov, Vitaly"]
[Black "Madaminov, Mukhiddin"]
[WhiteFideId "4152964"]
[BlackFideId "14210703"]
[WhiteElo "2337"]
[BlackElo "1916"]
[Result "0-1"]
[Round "01"]
[TimeControl "180+1"]
[Date "2022.04.13"]
[WhiteClock "0:00:56"]
[BlackClock "0:00:34"]

1. Nf3 Nf6 2. c4 e6 3. g3 d5 4. cxd5 exd5 5. Bg2 Bd6 6. O-O O-O 7. d4 b6 8. Nc3 a6 9. Bf4 Bxf4 10. gxf4 Bb7 11. e3 Nbd7 12. Rc1 Rc8 13. Ne5 Ne4 14. Nxe4 dxe4 15. Qc2 c5 16. Nxd7 Qxd7 17. Bxe4 cxd4 18. Bxh7+ Kh8 19. Qf5 Qe7 20. Qh5 g6 21. Bxg6+ Kg7 22. Qh7+ Kf6 23. Qh4+ Ke6 24. Bf5+ Kd6 25. Qxe7+ Kxe7 26. Rxc8 Bxc8 27. Bxc8 Rxc8 28. Rd1 dxe3 29. fxe3 Rc2 30. Rb1 Ke6 31. e4 Re2 32. e5 Kf5 33. a4 Kxf4 34. b4 Kxe5 35. Rc1 Re4 36. Rb1 f5 37. a5 bxa5 38. bxa5 Ra4 39. Re1+ Kf4 40. Rf1+ Kg5 41. h4+ Rxh4 42. Ra1 Rb4 43. Kf2 Kf4 44. Ra3 Rb2+ 45. Kf1 Kg4 46. Kg1 f4 47. Ra4 Kg3 48. Ra3+ f3 49. Ra1 Rg2+ 50. Kf1 Rh2 51. Kg1 f2+ 52. Kf1 Rh1+ 53. Ke2 Rxa1 0-1


[Site "https://www.chess.com"]

[Event "Titled Tuesday Blitz April 12 Early 2022"]
[White "Roebers, Jan"]
[Black "Hoang, Thi Bao Tram"]
[WhiteFideId "1007815"]
[BlackFideId "12401102"]
[WhiteElo "2128"]
[BlackElo "2125"]
[Result "0-1"]
[Round "01"]
[TimeControl "180+1"]
[Date "2022.04.13"]
[WhiteClock "0:00:35"]
[BlackClock "0:00:51"]

1. e4 c6 2. d4 d5 3. Nc3 dxe4 4. Nxe4 Bf5 5. Ng3 Bg6 6. h4 h6 7. h5 Bh7 8. Nf3 Nd7 9. Bd3 Bxd3 10. Qxd3 e6 11. Bf4 Ngf6 12. O-O-O Be7 13. Kb1 O-O 14. Ne4 c5 15. Nxf6+ Nxf6 16. g4 Nxg4 17. Qd2 Qd5 18. Ne5 Nxe5 19. Bxe5 f6 20. Bf4 Kh7 21. Qd3+ f5 22. Qg3 Rf6 23. Be5 Rf7 24. Qg6+ Kg8 25. Rhg1 Bf8 26. Qxh6 cxd4 27. Qg6 Qxe5 28. h6 Qf6 29. hxg7 Bxg7 30. Qh5 Kf8 31. f4 Qh6 32. Qf3 Rc8 33. Qa3+ Ke8 34. Rxd4 Bxd4 35. Rg8+ Rf8 36. Qa4+ Kf7 0-1


[Site "https://www.chess.com"]

[Event "Titled Tuesday Blitz April 12 Early 2022"]
[White "Sahil, Tickoo"]
[Black "Domingo Nunez, Alejandro"]
[WhiteFideId "5019710"]
[BlackFideId "22245561"]
[WhiteElo "2099"]
[BlackElo "2215"]
[Result "0-1"]
[Round "01"]
[TimeControl "180+1"]
[Date "2022.04.13"]
[WhiteClock "0:00:02"]
[BlackClock "0:00:17"]

1. d4 Nf6 2. Bf4 g6 3. e3 Bg7 4. Nd2 b6 5. Qf3 Nc6 6. c3 Bb7 7. Qd1 O-O 8. Ngf3 d6 9. h3 Nd7 10. Bh2 e5 11. Be2 Kh8 12. O-O Qe8 13. a4 a5 14. Nc4 e4 15. Nfd2 f5 16. Na3 Qe7 17. Nb5 Nf6 18. Rc1 g5 19. c4 Nb4 20. Nb3 Rad8 21. d5 Bc8 22. N3d4 Ne8 23. Rc3 Qf6 24. Rb3 f4 25. Bg4 f3 26. Bxc8 fxg2 27. Kxg2 Rxc8 28. Ne6 Rf7 29. Nbd4 Qg6 30. Qg4 Nf6 31. Qxg5 Qxg5+ 32. Nxg5 Re7 33. Nge6 Bh6 34. Nf5 Ng8 35. Nxe7 Nxe7 36. Bf4 Bxf4 37. Nxf4 Nf5 38. Rg1 Nh4+ 39. Kf1 Nf3 40. Rg3 Nd2+ 41. Kg2 Nxb3 42. Ne6 Rg8 43. Nxc7 Nc5 44. Rg4 h5 45. Rxg8+ Kxg8 46. Kg3 Nbd3 47. Ne8 Nb7 48. f3 h4+ 49. Kg4 Ne5+ 50. Kxh4 exf3 51. Kg3 Kf7 52. Nc7 Nc5 53. Nb5 Ne4+ 54. Kh2 f2 55. Kg2 Nf3 0-1


[Site "https://www.chess.com"]

[Event "Titled Tuesday Blitz April 12 Early 2022"]
[White "Sailer, Mike"]
[Black "Nozdrachev, Leonid"]
[WhiteFideId "2012901"]
[BlackFideId "24113433"]
[WhiteElo "2109"]
[BlackElo "2242"]
[Result "1-0"]
[Round "01"]
[TimeControl "180+1"]
[Date "2022.04.13"]
[WhiteClock "0:00:14"]
[BlackClock "0:00:01"]

1. d4 d6 2. Nf3 f5 3. Nc3 g6 4. e4 Bg7 5. Bd3 e5 6. Bg5 Ne7 7. Nd5 Nbc6 8. Bb5 Bf8 9. Nf6+ Kf7 10. dxe5 dxe5 11. Nxe5+ Kg7 12. Qxd8 Nxd8 13. Ne8+ Kg8 14. Nxc7 h6 15. Bf6 Rh7 16. Nxa8 Nec6 17. Bc4+ Be6 18. Bxe6+ Nxe6 19. Nxg6 Rd7 20. Nxf8 Kxf8 21. Rd1 1-0


[Site "https://www.chess.com"]

[Event "Titled Tuesday Blitz April 12 Early 2022"]
[White "Samaganova, Aleksandra"]
[Black "Taichman, Ori"]
[WhiteFideId "13800221"]
[BlackFideId "2804069"]
[WhiteElo "1859"]
[BlackElo "2227"]
[Result "0-1"]
[Round "01"]
[TimeControl "180+1"]
[Date "2022.04.13"]
[WhiteClock "0:00:03"]
[BlackClock "0:01:02"]

1. c4 g6 2. Nc3 Bg7 3. g3 Nf6 4. Bg2 O-O 5. e4 d6 6. Nge2 c5 7. O-O Nc6 8. d3 Nd4 9. h3 Rb8 10. Nxd4 cxd4 11. Ne2 Nd7 12. a4 a5 13. Bd2 Nc5 14. Qc2 b6 15. b4 axb4 16. Bxb4 Bd7 17. a5 bxa5 18. Bxa5 Qc8 19. Kh2 Rb3 20. Nc1 Rb7 21. Ne2 Nb3 22. Ra2 Nxa5 23. Rxa5 Qc7 24. Raa1 Rfb8 25. Rfb1 h5 26. Nf4 h4 27. Nd5 hxg3+ 28. fxg3 Qd8 29. Rxb7 Rxb7 30. Rb1 Rxb1 31. Qxb1 e6 32. Qb6 Qg5 33. Nf4 Be5 34. Ne2 Qe3 35. Qd8+ Kg7 36. Qxd7 Qxe2 37. Qc7 Qxd3 38. c5 Qxg3+ 39. Kg1 Qe1+ 40. Bf1 Qe3+ 41. Kg2 Qg3+ 42. Kh1 Qh2# 0-1


[Site "https://www.chess.com"]